[Event "ICC tourney 2533 (25 5)"]
[Site "Internet Chess Club"]
[Date "2021.04.25"]
[Round "8"]
[White "BINOY JANI, DEVEN:K09-16503178"]
[Black "LIU, JOSHUA:K09-16222106"]
[Result "1/2-1/2"]
[ICCResult "Game drawn by mutual agreement"]
[WhiteElo "1185"]
[BlackElo "1613"]
[Opening "French: advance, Milner-Barry gambit"]
[ECO "C02"]
[NIC "FR.03"]
[Time "17:00:54"]
[PlyCount "62"]
[TimeControl "1500+5"]

1. e4 e6 2. d4 d5 3. e5 c5 4. c3 Nc6 5. Nf3 Qb6 6. Bd3 Bd7 7. Bc2 Rc8 8.
O-O Nh6 9. a3 Nf5 10. g4 Nh6 11. h3 cxd4 12. cxd4 Ng8 13. Nc3 Nge7 14. Na4
Qc7 15. Be3 Nxe5 16. Nxe5 Qxc2 17. Nxd7 Qxd1 18. Nf6+ gxf6 19. Rfxd1 Nc6
20. Rac1 Bd6 21. b4 O-O 22. Nc5 b6 23. Nb3 Ne7 24. Kg2 Kg7 25. h4 f5 26. g5
Rg8 27. f4 h6 28. Rh1 h5 29. Kf3 Kg6 30. Bd2 Rxc1 31. Rxc1 Rc8 { Game drawn
by mutual agreement } 1/2-1/2

[Event "ICC tourney 2533 (25 5)"]
[Site "Internet Chess Club"]
[Date "2021.04.25"]
[Round "8"]
[White "LI, AUSTIN:K09-16606238"]
[Black "GAW, CHLOE:K09-16608942"]
[Result "0-1"]
[ICCResult "White checkmated"]
[WhiteElo "1204"]
[BlackElo "1719"]
[Opening "Sicilian"]
[ECO "B56"]
[NIC "SI.25"]
[Time "17:02:56"]
[PlyCount "142"]
[TimeControl "1500+5"]

1. e4 c5 2. Nf3 d6 3. d4 cxd4 4. Nxd4 Nf6 5. Nc3 Nc6 6. f3 e5 7. Nb3 Be7 8.
Be3 Be6 9. Qd2 O-O 10. O-O-O a6 11. Bg5 Bxb3 12. axb3 Nd4 13. Ne2 Nb5 14.
c4 Rc8 15. Kb1 Nxe4 16. fxe4 Bxg5 17. Qd5 Nd4 18. Nxd4 exd4 19. Rxd4 Bf6
20. Rd1 Qb6 21. Rd3 Qf2 22. Rd2 Qe1+ 23. Rd1 Qb4 24. Kc2 Be5 25. Be2 b5 26.
Rb1 bxc4 27. Bxc4 a5 28. Ra1 Rc5 29. Qd2 Rxc4+ 30. bxc4 Qxb2+ 31. Kd3 Qd4+
32. Ke2 Qxe4+ 33. Kf2 Bd4+ 34. Kg3 Qe5+ 35. Qf4 Bxa1 36. Qxe5 Bxe5+ 37. Kh3
g6 38. Re1 Rc8 39. Re4 a4 40. c5 Rxc5 41. Rxa4 d5 42. Ra2 d4 43. g3 d3 44.
Rd2 Rd5 45. Kg2 Bc3 46. Rd1 d2 47. Kf3 Re5 48. Kf2 Re1 49. Rxd2 Bxd2 50. h4
Kg7 51. g4 Kf6 52. Kf3 Re3+ 53. Kf2 Rh3 54. Ke2 Rxh4 55. Kxd2 Rxg4 56. Ke2
h5 57. Kf3 Rg5 58. Kf4 h4 59. Kf3 h3 60. Kf4 h2 61. Kf3 h1=Q+ 62. Kf4 Qh4+
63. Kf3 Qg3+ 64. Ke2 Re5+ 65. Kd2 Qe3+ 66. Kd1 Rd5+ 67. Kc2 Qd2+ 68. Kb3
Rc5 69. Ka4 Qc2+ 70. Kb4 Qc3+ 71. Ka4 Ra5# { White checkmated } 0-1

[Event "ICC tourney 2533 (25 5)"]
[Site "Internet Chess Club"]
[Date "2021.04.25"]
[Round "8"]
[White "SKYRIDGE MIDDLE SCHOOL FONG, ADAM:K09-15742580"]
[Black "CHAVA, TARUN:K09-15546970"]
[Result "0-1"]
[ICCResult "White checkmated"]
[WhiteElo "384"]
[BlackElo "904"]
[Opening "Bishop's opening: Ponziani gambit"]
[ECO "C24"]
[NIC "IG.04"]
[Time "17:03:40"]
[PlyCount "122"]
[TimeControl "1500+5"]

1. e4 e5 2. Bc4 Nf6 3. d4 exd4 4. e5 Ne4 5. Qxd4 Qh4 6. Nh3 Bc5 7. Qd3
Bxf2+ 8. Nxf2 Qxf2+ 9. Kd1 Qf5 10. Nc3 Nf2+ 11. Kd2 Nxd3 12. cxd3 Qf2+ 13.
Ne2 O-O 14. b3 Qxg2 15. Ba3 Re8 16. Rhf1 Qg5+ 17. Kc2 Kh8 18. Rxf7 Nc6 19.
Raf1 h6 20. Rf8+ Rxf8 21. Rxf8+ Kh7 22. d4 Ne7 23. Bxe7 Qxe7 24. Bd3+ g6
25. Rf6 Qg7 26. Nf4 Qe7 27. Bxg6+ Kg8 28. Nd5 Qg7 29. Nxc7 Rb8 30. Nb5 d6
31. Nxd6 Bg4 32. Bf7+ Kh7 33. Bg6+ Qxg6+ 34. Rxg6 Kxg6 35. Kd3 Bf5+ 36. Ke3
b6 37. Kf4 Bb1 38. Nb5 Bxa2 39. Nxa7 Bxb3 40. Nb5 Rd8 41. Nd6 Bd5 42. h4
Be6 43. Ne4 Rxd4 44. Ke3 Rd8 45. Nd6 Kh5 46. Kf4 Kxh4 47. Ne4 Rd4 48. Ke3
Rd8 49. Kf4 b5 50. Ke3 b4 51. Kf4 b3 52. Nc5 Bd5 53. e6 Bxe6 54. Nxe6 Rc8
55. Nd4 b2 56. Nf5+ Kh3 57. Nxh6 b1=Q 58. Ng4 Qf1+ 59. Nf2+ Qxf2+ 60. Kg5
Rg8+ 61. Kh6 Qh4# { White checkmated } 0-1

[Event "ICC tourney 2533 (25 5)"]
[Site "Internet Chess Club"]
[Date "2021.04.25"]
[Round "8"]
[White "ZHU, AIDEN:K09-30141156"]
[Black "MAITI, VEDANT:K09-16844427"]
[Result "0-1"]
[ICCResult "White checkmated"]
[WhiteElo "1083"]
[BlackElo "628"]
[Opening "Scotch game"]
[ECO "C45"]
[NIC "SO.04"]
[Time "17:08:02"]
[PlyCount "116"]
[TimeControl "1500+5"]

1. e4 e5 2. Nf3 Nc6 3. d4 exd4 4. Nxd4 Nxd4 5. Qxd4 Qf6 6. Be3 g6 7. Nc3 c6
8. O-O-O Bg7 9. Kb1 Qxd4 10. Bxd4 Nf6 11. f3 O-O 12. e5 Ne8 13. f4 Nc7 14.
h4 Ne6 15. g3 b6 16. Bh3 Bb7 17. Bg2 Rab8 18. Be3 c5 19. Rhg1 Bxg2 20. Rxg2
Rb7 21. Nd5 f6 22. Ne7+ Kf7 23. Nd5 fxe5 24. fxe5 Bxe5 25. Bh6 Rg8 26. Rf1+
Ke8 27. Re2 Bg7 28. Bxg7 Rxg7 29. Ref2 h6 30. Nf6+ Ke7 31. Nd5+ Kd6 32. c4
b5 33. Nf6 Kc6 34. cxb5+ Rxb5 35. Rd1 Rf7 36. b3 d5 37. Rdd2 d4 38. Ng4
Rxf2 39. Rxf2 h5 40. Ne5+ Kd5 41. Nxg6 c4 42. Rf5+ Kc6 43. Ne7+ Kb6 44.
Nc8+ Ka5 45. Rxb5+ Kxb5 46. Nxa7+ Ka6 47. Nc6 Kb6 48. Ne5 c3 49. Kc2 Kc5
50. Kd3 Kd5 51. Nf3 Nc5+ 52. Kc2 Ke4 53. Ng5+ Ke3 54. b4 Na4 55. b5 d3+ 56.
Kd1 Nb2+ 57. Kc1 d2+ 58. Kb1 d1=Q# { White checkmated } 0-1

[Event "ICC tourney 2533 (25 5)"]
[Site "Internet Chess Club"]
[Date "2021.04.25"]
[Round "8"]
[White "GOLSEFIDY, SEPEHR:K09-16686975"]
[Black "PANDE, NAYONIKA:K09-16097936"]
[Result "1-0"]
[ICCResult "Black checkmated"]
[WhiteElo "1882"]
[BlackElo "1404"]
[Opening "Two knights defense"]
[ECO "C56"]
[NIC "KP.02"]
[Time "17:03:41"]
[PlyCount "105"]
[TimeControl "1500+5"]

1. e4 e5 2. Nf3 Nc6 3. Bc4 Nf6 4. d4 exd4 5. O-O Nxe4 6. Re1 d5 7. Bxd5
Qxd5 8. Nc3 Qh5 9. Nxe4 Be7 10. Bg5 Bg4 11. Bxe7 Bxf3 12. Nf6+ gxf6 13.
Bxf6+ Kd7 14. Qxf3 Qxf3 15. gxf3 Rhg8+ 16. Kf1 Rg6 17. Bh4 h5 18. Rad1 Rag8
19. Bg3 h4 20. Bxh4 Rg1+ 21. Ke2 Re8+ 22. Kd2 Rgxe1 23. Rxe1 Rxe1 24. Kxe1
Ne5 25. Ke2 Ke6 26. Bg3 c5 27. Bxe5 Kxe5 28. c3 dxc3 29. bxc3 b5 30. h4 Kf6
31. Kd3 Ke5 32. h5 Kf6 33. Ke4 Kg5 34. Kd5 c4 35. Kc5 Kxh5 36. Kxb5 Kg6 37.
Kxc4 Kf6 38. Kd5 Ke7 39. c4 Kd7 40. f4 a6 41. c5 a5 42. f5 a4 43. Ke5 a3
44. Kf6 Kc6 45. Kxf7 Kxc5 46. Ke6 Kc6 47. f6 Kc7 48. f7 Kc6 49. f8=Q Kb7
50. Kd7 Kb6 51. Qb4+ Ka6 52. Kc7 Ka7 53. Qa4# { Black checkmated } 1-0

[Event "ICC tourney 2533 (25 5)"]
[Site "Internet Chess Club"]
[Date "2021.04.25"]
[Round "8"]
[White "SAFRANEK, WILLIAM:K09-15106903"]
[Black "CUI, SUNNY:K09-15586563"]
[Result "1-0"]
[ICCResult "Black checkmated"]
[WhiteElo "1900"]
[BlackElo "1226"]
[Opening "Scotch gambit: Benima defense"]
[ECO "C50"]
[NIC "IG.03"]
[Time "17:00:30"]
[PlyCount "79"]
[TimeControl "1500+5"]

1. e4 e5 2. Nf3 Nc6 3. Bc4 Be7 4. d4 exd4 5. Nxd4 Nf6 6. Nc3 d6 7. Bg5 O-O
8. O-O h6 9. Bh4 Bd7 10. h3 Ne5 11. Bb3 Nc6 12. f4 Nxd4 13. Qxd4 Nh5 14.
Bxe7 Qxe7 15. Nd5 Qd8 16. Rf3 Be6 17. Ne3 Bxb3 18. axb3 c5 19. Qd2 Re8 20.
Qd3 Nf6 21. Nf5 Nxe4 22. Re1 d5 23. c4 dxc4 24. Qxc4 Nd2 25. Nxh6+ Kh7 26.
Rxe8 Nxf3+ 27. gxf3 Qxe8 28. Nxf7 Qe1+ 29. Kg2 Qd2+ 30. Kg3 Rf8 31. Ng5+
Kh8 32. Qe4 g6 33. Qe5+ Kg8 34. Ne6 Rf7 35. Qb8+ Kh7 36. Ng5+ Kg7 37. Qe5+
Kg8 38. Qe8+ Rf8 39. Qxg6+ Kh8 40. Qh7# { Black checkmated } 1-0

[Event "ICC tourney 2533 (25 5)"]
[Site "Internet Chess Club"]
[Date "2021.04.25"]
[Round "8"]
[White "LUKOSE, JAMES:K09-16437200"]
[Black "V MEHTA, SOHUM:K09-15597521"]
[Result "0-1"]
[ICCResult "White checkmated"]
[WhiteElo "885"]
[BlackElo "1439"]
[Opening "Queen's pawn game"]
[ECO "D05"]
[NIC "QP.08"]
[Time "17:00:11"]
[PlyCount "98"]
[TimeControl "1500+5"]

1. d4 d5 2. Nf3 e6 3. e3 Nf6 4. c4 c5 5. Be2 Nc6 6. Nc3 Bd6 7. b3 O-O 8.
O-O a6 9. Bb2 Qc7 10. Qd3 dxc4 11. bxc4 cxd4 12. exd4 Nb4 13. Qd2 Bf4 14.
Qd1 Rd8 15. a3 Nc6 16. Qd3 Ne5 17. Nxe5 Bxe5 18. Ne4 Bxh2+ 19. Kh1 Nxe4 20.
Qxe4 Qf4 21. Qxf4 Bxf4 22. Rfd1 b6 23. Bf3 Rb8 24. g3 Bg5 25. d5 Bb7 26.
Be5 Rbc8 27. d6 Bxf3+ 28. Kh2 Bxd1 29. Rxd1 Rxc4 30. f4 Bf6 31. Bxf6 gxf6
32. d7 Rc7 33. Kh3 Rdxd7 34. Rxd7 Rxd7 35. Kg4 Rd3 36. a4 Ra3 37. Kh4 Rxa4
38. Kg4 b5 39. Kh5 b4 40. g4 b3 41. f5 e5 42. g5 fxg5 43. Kxg5 b2 44. f6
b1=Q 45. Kh5 Qh1+ 46. Kg5 Qh4+ 47. Kf5 Qg4+ 48. Kxe5 Qd4+ 49. Kf5 Ra5# {
White checkmated } 0-1

[Event "ICC tourney 2533 (25 5)"]
[Site "Internet Chess Club"]
[Date "2021.04.25"]
[Round "8"]
[White "YANG XIAO, STEPHEN:K09-16490714"]
[Black "ZONG, DAVIS:K09-14980186"]
[Result "0-1"]
[ICCResult "White resigns"]
[WhiteElo "1612"]
[BlackElo "2269"]
[Opening "Two knights defense"]
[ECO "C56"]
[NIC "KP.02"]
[Time "17:03:57"]
[PlyCount "132"]
[TimeControl "1500+5"]

1. e4 e5 2. Nf3 Nc6 3. Bc4 Nf6 4. d4 exd4 5. O-O Nxe4 6. Re1 d5 7. Bxd5
Qxd5 8. Nc3 Qa5 9. Nxe4 Be6 10. Neg5 O-O-O 11. Nxe6 fxe6 12. Rxe6 Bd6 13.
Bg5 Rde8 14. Qe2 Kd7 15. Re4 Qd5 16. Re1 Rxe4 17. Qxe4 Qxe4 18. Rxe4 Re8
19. Rxe8 Kxe8 20. Kf1 Kd7 21. Ke2 Ke6 22. a3 Kd5 23. Kd3 Ne5+ 24. Nxe5 Bxe5
25. h4 c5 26. b3 b5 27. Bd2 c4+ 28. Ke2 d3+ 29. Kd1 a6 30. f3 c3 31. Be3 d2
32. g4 Bd6 33. a4 bxa4 34. bxa4 Kc4 35. f4 Bc5 36. Bxd2 cxd2 37. Kxd2 Kb4
38. f5 Kxa4 39. g5 Bf2 40. h5 Bh4 41. g6 h6 42. Kd3 Kb5 43. c4+ Kc5 44. Kc3
Bf6+ 45. Kb3 Be5 46. Ka4 Kxc4 47. Ka5 Kd5 48. Kxa6 Ke4 49. Kb6 Kxf5 50. Kc5
Kg5 51. Kd5 Bf6 52. Ke4 Kxh5 53. Kf5 Bb2 54. Kf4 Kxg6 55. Kg4 h5+ 56. Kh4
Bf6+ 57. Kg3 Kf5 58. Kh3 g5 59. Kg3 g4 60. Kg2 h4 61. Kh2 Be5+ 62. Kg2 Ke4
63. Kf2 h3 64. Kg1 Kf3 65. Kh1 g3 66. Kg1 h2+ { White resigns } 0-1

[Event "ICC tourney 2533 (25 5)"]
[Site "Internet Chess Club"]
[Date "2021.04.25"]
[Round "8"]
[White "GOLDEN, RIPLEY:K09-15557812"]
[Black "KALIKIRI, SAKETH:K09-15532792"]
[Result "0-1"]
[ICCResult "White resigns"]
[WhiteElo "1584"]
[BlackElo "1181"]
[Opening "Queen's pawn game, Chigorin variation"]
[ECO "D02"]
[NIC "QP.08"]
[Time "17:00:48"]
[PlyCount "68"]
[TimeControl "1500+5"]

1. d4 d5 2. Nf3 Nc6 3. Bf4 Bf5 4. e3 a6 5. c4 Nb4 6. Qa4+ Nc6 7. Qb3 e6 8.
Qxb7 Bb4+ 9. Nbd2 Nge7 10. cxd5 Ra7 11. dxc6 Rxb7 12. cxb7 Qb8 13. Bxa6 Be4
14. Rc1 Nd5 15. Ne5 Nxf4 16. exf4 Bxb7 17. Bb5+ Ke7 18. Rc6 f6 19. Rc4
Bxd2+ 20. Kxd2 fxe5 21. fxe5 Bxg2 22. Rg1 Qxb5 23. Rxc7+ Kd8 24. Rgc1 Qa5+
25. R7c3 Kd7 26. Ke3 Rf8 27. Ra3 Rf3+ 28. Ke2 Rxa3 29. bxa3 Qb5+ 30. Kd2
Qb2+ 31. Rc2 Qxa3 32. Kd1 Bf3+ 33. Ke1 Qd3 34. Rd2 Qb1+ { White resigns }
0-1

[Event "ICC tourney 2533 (25 5)"]
[Site "Internet Chess Club"]
[Date "2021.04.25"]
[Round "8"]
[White "ATREYA, CHARVI:K09-16816706"]
[Black "WANG, ETHAN:K09-15914623"]
[Result "0-1"]
[ICCResult "White resigns"]
[WhiteElo "944"]
[BlackElo "1409"]
[Opening "Sicilian: Kan, 5.Nc3"]
[ECO "B43"]
[NIC "SI.41"]
[Time "17:03:46"]
[PlyCount "88"]
[TimeControl "1500+5"]

1. e4 c5 2. Nf3 e6 3. d4 cxd4 4. Nxd4 a6 5. Nc3 Qc7 6. g3 Bb4 7. Bd2 Nc6 8.
Nxc6 bxc6 9. a3 Bc5 10. Qe2 d5 11. exd5 cxd5 12. Nxd5 Qb7 13. Bg2 Qxb2 14.
Bc3 Qb8 15. Bxg7 Bb7 16. Bxh8 Kd7 17. Nf4 Bxg2 18. Nxg2 Qb7 19. Rd1+ Ke7
20. Rg1 Nh6 21. Bg7 Nf5 22. Bc3 Bxa3 23. g4 Nd6 24. Nf4 Qc6 25. Nd5+ Kd7
26. Nf6+ Ke7 27. Be5 Bb4+ 28. Kf1 Rd8 29. Nxh7 Rg8 30. Bf6+ Ke8 31. Rd4 Bc5
32. Rd3 Kd7 33. Be5 Rb8 34. Rd1 Ke7 35. Bxd6+ Bxd6 36. Qd3 Bxh2 37. Rg2 Be5
38. Qe3 Bd6 39. Qg5+ Kd7 40. Nf6+ Kc7 41. f3 Qxf3+ 42. Rf2 Qxd1+ 43. Kg2
Rh8 44. Qa5+ Kb7 { White resigns } 0-1

[Event "ICC tourney 2533 (25 5)"]
[Site "Internet Chess Club"]
[Date "2021.04.25"]
[Round "8"]
[White "ZENG, LUCY:K09-17101736"]
[Black "GODLAVETI, PRACHETH:K09-15635626"]
[Result "1-0"]
[ICCResult "Black resigns"]
[WhiteElo "1228"]
[BlackElo "1725"]
[Opening "Sicilian defense"]
[ECO "B30"]
[NIC "SI.31"]
[Time "17:03:27"]
[PlyCount "93"]
[TimeControl "1500+5"]

1. e4 c5 2. Nf3 Nc6 3. Bc4 e6 4. d4 cxd4 5. Nxd4 d5 6. exd5 exd5 7. Bb5 Bd7
8. O-O Bc5 9. Re1+ Nge7 10. Nb3 Bxf2+ 11. Kxf2 Qb6+ 12. Kg3 O-O 13. Bd3 f5
14. Bf4 g5 15. Bd6 f4+ 16. Kf3 g4+ 17. Ke2 f3+ 18. Kf1 fxg2+ 19. Kxg2 Rf2+
20. Kh1 Raf8 21. Qc1 Ng6 22. Qh6 R8f3 23. Bc5 Qc7 24. Bxf2 Rh3 25. Qxh3
gxh3 26. N1d2 Bg4 27. Re8+ Kf7 28. Re3 Kg7 29. Rg1 h5 30. Bxg6 Kxg6 31.
Rxh3 Qc8 32. Rhg3 Kh7 33. h3 Bxh3 34. Rg7+ Kh8 35. R7g6 Kh7 36. Rg7+ Kh8
37. R7g6 Kh7 38. Be3 Qf8 39. Rh6+ Qxh6 40. Bxh6 Kxh6 41. Kh2 Bf5 42. c4
dxc4 43. Nxc4 Be6 44. Nd6 b6 45. Rg3 Bg4 46. Nd2 Nd4 47. N6e4 { Black
resigns } 1-0

[Event "ICC tourney 2533 (25 5)"]
[Site "Internet Chess Club"]
[Date "2021.04.25"]
[Round "8"]
[White "GOWDA, PRAKYATH:K09-16326375"]
[Black "PEDERSON, MASON:K09-16875620"]
[Result "0-1"]
[ICCResult "White resigns"]
[WhiteElo "383"]
[BlackElo "913"]
[Opening "Caro-Kann defense"]
[ECO "B10"]
[NIC "CK.01"]
[Time "17:00:08"]
[PlyCount "74"]
[TimeControl "1500+5"]

1. e4 c6 2. Nf3 d5 3. exd5 cxd5 4. d4 Nc6 5. Bb5 Nf6 6. Ne5 Bd7 7. O-O e6
8. Bg5 Bd6 9. Bxf6 Qxf6 10. Nxd7 Kxd7 11. c3 a6 12. Ba4 Rhe8 13. Nd2 Ke7
14. b4 b5 15. Bb3 Kf8 16. a4 Qh6 17. Nf3 Ne7 18. Ne5 Kg8 19. axb5 axb5 20.
Rxa8 Rxa8 21. Qd3 Rb8 22. Qf3 f6 23. Ng4 Qh5 24. Nxf6+ gxf6 25. Qxh5 Rc8
26. Qg4+ Kf7 27. Qh5+ Kg7 28. Qg4+ Kf7 29. Rc1 Bxb4 30. Re1 Rxc3 31. Qxe6+
Ke8 32. Bxd5 Rc7 33. Qf7+ Kd7 34. Qe6+ Ke8 35. Bc6+ Kd8 36. Re4 Rxc6 37.
Qf7 Rc1+ { White resigns } 0-1

[Event "ICC tourney 2533 (25 5)"]
[Site "Internet Chess Club"]
[Date "2021.04.25"]
[Round "8"]
[White "KALOUDIS, SEAN:K09-15106731"]
[Black "BUTLER, BETTY:K09-17283280"]
[Result "0-1"]
[ICCResult "White checkmated"]
[WhiteElo "1714"]
[BlackElo "357"]
[Opening "Queen's pawn game"]
[ECO "A46"]
[NIC "QP.06"]
[Time "17:03:55"]
[PlyCount "58"]
[TimeControl "1500+5"]

1. d4 Nf6 2. Nf3 e6 3. g3 b5 4. Bg2 Bb7 5. O-O c5 6. c4 bxc4 7. Qa4 Nc6 8.
Qxc4 Na5 9. Qc2 Rc8 10. Nc3 Bxf3 11. Qa4 Bxg2 12. Kxg2 cxd4 13. Qxd4 Qb6
14. Qd3 Nc4 15. Rb1 Bb4 16. Nd1 Ne5 17. Qb3 Qc6+ 18. Kg1 Qc4 19. Qa4 a5 20.
a3 Qa2 21. Bf4 Qxb1 22. Bxe5 Bc5 23. Ne3 Qe4 24. Nc4 Bxf2+ 25. Rxf2 Rxc4
26. Qxa5 Rc1+ 27. Rf1 Rxf1+ 28. Kxf1 Qh1+ 29. Kf2 Ng4# { White checkmated }
0-1

[Event "ICC tourney 2533 (25 5)"]
[Site "Internet Chess Club"]
[Date "2021.04.25"]
[Round "8"]
[White "KASI, ARUNACHALAM:K09-16244965"]
[Black "KRISHNAN, SAATVIK:K09-15210955"]
[Result "0-1"]
[ICCResult "White checkmated"]
[WhiteElo "1291"]
[BlackElo "1797"]
[Opening "QGD: Tarrasch defense"]
[ECO "D32"]
[NIC "TD.10"]
[Time "17:00:28"]
[PlyCount "78"]
[TimeControl "1500+5"]

1. d4 d5 2. c4 e6 3. Nc3 c5 4. dxc5 d4 5. Nb5 Bxc5 6. Nf3 Nc6 7. a3 a6 8.
b4 axb5 9. bxc5 bxc4 10. Qc2 Qa5+ 11. Bd2 c3 12. Bf4 Nb4 13. Qb3 Qxc5 14.
Be5 c2 15. Rc1 Nc6 16. Bxg7 Rxa3 17. Qxc2 Rc3 18. Qxc3 dxc3 19. Rxc3 Qa5
20. e3 e5 21. Kd2 Nge7 22. Bc4 Nd5 23. Bxd5 Qxd5+ 24. Ke2 Rg8 25. Bf6 Qa2+
26. Nd2 Bg4+ 27. f3 Bxf3+ 28. Kxf3 Qxd2 29. g3 Qxc3 30. Rd1 e4+ 31. Kxe4
Qxf6 32. Rb1 Qg6+ 33. Kf3 Qxb1 34. Kf4 Qf1+ 35. Ke4 f5+ 36. Kd5 Qd3+ 37.
Kc5 Qxe3+ 38. Kb5 Qd4 39. g4 Qb4# { White checkmated } 0-1

[Event "ICC tourney 2533 (25 5)"]
[Site "Internet Chess Club"]
[Date "2021.04.25"]
[Round "8"]
[White "MENDEL, ROWAN:K09-15291230"]
[Black "DONHAM, WILLIAM:K09-15747455"]
[Result "1-0"]
[ICCResult "Black resigns"]
[WhiteElo "1132"]
[BlackElo "1583"]
[Opening "Mieses opening"]
[ECO "A00"]
[NIC "VO.13"]
[Time "17:03:46"]
[PlyCount "67"]
[TimeControl "1500+5"]

1. d3 e5 2. Nf3 Nc6 3. g3 b6 4. Bg2 Bb7 5. O-O Nge7 6. Nbd2 g6 7. c3 Bg7 8.
Qc2 O-O 9. e4 d6 10. b4 Qd7 11. a4 a5 12. b5 Nd8 13. Bb2 Ne6 14. d4 f5 15.
Rfe1 f4 16. d5 Nc5 17. Nb3 fxg3 18. fxg3 Nxb3 19. Qxb3 Rf7 20. Ng5 Rf6 21.
Ne6 Bh6 22. Rf1 Be3+ 23. Kh1 Rxf1+ 24. Rxf1 Re8 25. Rf3 Bh6 26. Qd1 Ba8 27.
Bc1 Bxc1 28. Qxc1 Nxd5 29. exd5 Bxd5 30. Rf8+ Rxf8 31. Bxd5 Kh8 32. Nxf8
Qg7 33. Ne6 Qf6 34. Kg2 { Black resigns } 1-0

[Event "ICC tourney 2533 (25 5)"]
[Site "Internet Chess Club"]
[Date "2021.04.25"]
[Round "8"]
[White "GU LIN, BENJAMIN:K09-15976160"]
[Black "MA, JUSTIN:K09-17058248"]
[Result "1-0"]
[ICCResult "Black checkmated"]
[WhiteElo "1496"]
[BlackElo "1111"]
[Opening "Giuoco Piano"]
[ECO "C54"]
[NIC "IG.02"]
[Time "17:01:34"]
[PlyCount "105"]
[TimeControl "1500+5"]

1. e4 e5 2. Nf3 Nc6 3. Bc4 Bc5 4. c3 Nf6 5. d3 d6 6. Nbd2 O-O 7. O-O Be6 8.
b4 Bb6 9. a4 a5 10. b5 Ne7 11. Qc2 d5 12. exd5 Nexd5 13. Nxe5 Qd6 14. Nef3
Ng4 15. Ba3 Bc5 16. Ne4 Qf4 17. Bxc5 Rfe8 18. Qc1 Qf5 19. Qg5 Qxg5 20.
Nfxg5 Rad8 21. Nxe6 Rxe6 22. Rac1 Rh6 23. h3 Ne5 24. Rfd1 Nf4 25. Bd4 Ne2+
26. Kh1 Nxc1 27. Rxc1 Ng6 28. Ng5 Rd7 29. Nxf7 Rxf7 30. Bxf7+ Kxf7 31. Re1
Nf4 32. Re3 Rg6 33. Rf3 Ke6 34. Rxf4 Kd6 35. Rf7 b6 36. Rxg7 Rxg7 37. Bxg7
c6 38. bxc6 Kxc6 39. f4 b5 40. axb5+ Kxb5 41. Bf8 Ka4 42. f5 Kb3 43. f6 a4
44. f7 Kxc3 45. Be7 Kxd3 46. Bf8 Ke4 47. Ba3 Kf5 48. f8=Q+ Kg6 49. Qe8+ Kh6
50. Qxa4 Kg6 51. Qf4 Kh5 52. Qg4+ Kh6 53. Bf8# { Black checkmated } 1-0

[Event "ICC tourney 2533 (25 5)"]
[Site "Internet Chess Club"]
[Date "2021.04.25"]
[Round "8"]
[White "GERALD AVERY, JOHN:K09-16706744"]
[Black "SATHISH, PRANAV:K09-16464655"]
[Result "1-0"]
[ICCResult "Black resigns"]
[WhiteElo "1229"]
[BlackElo "1768"]
[Opening "Sicilian: Nimzovich-Rossolimo attack (with ...g6, without ...d6)"]
[ECO "B31"]
[NIC "SI.31"]
[Time "17:01:01"]
[PlyCount "143"]
[TimeControl "1500+5"]

1. e4 c5 2. Nf3 Nc6 3. Bb5 g6 4. O-O Bg7 5. c3 Nf6 6. Re1 O-O 7. d4 cxd4 8.
cxd4 d5 9. e5 Ne4 10. Nc3 Nxc3 11. bxc3 Bg4 12. Qb3 Bxf3 13. gxf3 e6 14.
Kh1 Qh4 15. Qc2 Rac8 16. Qe2 a6 17. Bd3 Bh6 18. Rg1 Bxc1 19. Raxc1 Qf4 20.
Rb1 Na5 21. Rg4 Qh6 22. Qc2 Nc4 23. Rbg1 Kg7 24. f4 Kh8 25. R1g3 b5 26. Qe2
f5 27. Rg5 Rg8 28. Qf1 Qh4 29. Qc1 b4 30. Bf1 bxc3 31. Kg2 Nd2 32. Rxc3
Rxc3 33. Qxc3 Qxf4 34. Rg3 Ne4 35. Qf3 Qxf3+ 36. Rxf3 Rb8 37. Rb3 Rxb3 38.
axb3 a5 39. Bd3 Nc3 40. Kf1 a4 41. bxa4 Nxa4 42. Bb5 Nb6 43. Ke2 Kg7 44.
Kf3 g5 45. Kg3 h5 46. Bc6 h4+ 47. Kh3 Nc4 48. Bd7 Kf7 49. Ba4 Nd2 50. Kg2
g4 51. Bd1 Kg6 52. h3 Kg5 53. f3 Nxf3 54. Bxf3 gxf3+ 55. Kxf3 f4 56. Kf2
Kg6 57. Kg2 Kg5 58. Kf2 Kh5 59. Kf3 Kg5 60. Kf2 Kg6 61. Kg2 Kf7 62. Kf3 Kg6
63. Kg4 Kh6 64. Kxh4 f3 65. Kg3 Kg5 66. Kxf3 Kf5 67. h4 Kg6 68. Kg4 Kh6 69.
h5 Kh7 70. Kg5 Kg7 71. h6+ Kh7 72. Kf6 { Black resigns } 1-0

[Event "ICC tourney 2533 (25 5)"]
[Site "Internet Chess Club"]
[Date "2021.04.25"]
[Round "8"]
[White "SHARMA, JEENAL:K09-16875641"]
[Black "IYER, ANEESH:K09-15577967"]
[Result "1/2-1/2"]
[ICCResult "Game drawn by mutual agreement"]
[WhiteElo "686"]
[BlackElo "1146"]
[Opening "Pirc: classical (two knights) system"]
[ECO "B06"]
[NIC "PU.10"]
[Time "17:02:23"]
[PlyCount "65"]
[TimeControl "1500+5"]

1. e4 g6 2. d4 Bg7 3. Nc3 d6 4. Nf3 Nf6 5. Bf4 Nbd7 6. Bc4 O-O 7. O-O e6 8.
Qe2 Qe7 9. d5 exd5 10. Bxd5 c6 11. Bc4 d5 12. exd5 Qxe2 13. Bxe2 cxd5 14.
Rad1 Nb6 15. Bg5 Be6 16. Bd3 h6 17. Bf4 Nh5 18. Be3 Bg4 19. Be2 Rad8 20.
Bd4 Rfe8 21. Rfe1 Bxf3 22. Bxb6 axb6 23. Bxf3 Rxe1+ 24. Rxe1 d4 25. Nb5 Rc8
26. c3 dxc3 27. bxc3 Bxc3 28. Nxc3 Rxc3 29. Bxb7 Rc2 30. Bd5 Nf4 31. Bb3
Rd2 32. Rb1 Nd3 33. Bc4 { Game drawn by mutual agreement } 1/2-1/2

[Event "ICC tourney 2533 (25 5)"]
[Site "Internet Chess Club"]
[Date "2021.04.25"]
[Round "8"]
[White "ZADAVYSVICHKO, MAKSYM:K09-17111597"]
[Black "KOTARU, ADITYA:K09-15453455"]
[Result "1-0"]
[ICCResult "Black checkmated"]
[WhiteElo "1056"]
[BlackElo "1451"]
[Opening "Owen defense"]
[ECO "B00"]
[NIC "VO.01"]
[Time "17:03:36"]
[PlyCount "149"]
[TimeControl "1500+5"]

1. e4 b6 2. d4 Bb7 3. Nc3 e6 4. Nf3 Nf6 5. Bd3 Bb4 6. Qe2 Bxc3+ 7. bxc3 d6
8. Bg5 h6 9. Bh4 Nbd7 10. e5 g5 11. Nxg5 hxg5 12. Bxg5 Bxg2 13. Rg1 Rxh2
14. exf6 Bb7 15. Bf5 Nf8 16. Bf4 Rh4 17. Bg3 Rh8 18. Qb5+ c6 19. Qb4 Qxf6
20. Bd3 c5 21. Bb5+ Nd7 22. Bxd7+ Kxd7 23. dxc5 Rhg8 24. O-O-O Qg5+ 25. Kb1
Bd5 26. c4 bxc5 27. Qb5+ Bc6 28. Rxd6+ Ke7 29. Rxc6 Rab8 30. Bxb8 Qxg1+ 31.
Kb2 Qg7+ 32. c3 Qg2 33. Qb7+ Kf6 34. Rc7 Qxf2+ 35. Kb3 Qe1 36. Qf3+ Kg6 37.
Qxf7+ Kh6 38. Qh7+ Kg5 39. Qxg8+ Kf4 40. Rf7+ Ke4 41. Qg4+ Kd3 42. Rf3+ Kd2
43. Qg2+ Qe2 44. Qxe2+ Kxe2 45. Rf6 e5 46. Bxe5 a5 47. Bd6 a4+ 48. Kxa4 Kd3
49. Bxc5 Kxc4 50. Rf2 Kxc3 51. Bd4+ Kc4 52. Rc2+ Kd3 53. Rc7 Ke4 54. Ba7
Kd5 55. Kb5 Kd6 56. Kb6 Kd5 57. Rc8 Kd6 58. Rd8+ Ke7 59. Rd1 Ke8 60. Kc7
Ke7 61. Re1+ Kf6 62. Kd7 Kf5 63. Kd6 Kf4 64. Kd5 Kf3 65. Kd4 Kf4 66. Rf1+
Kg3 67. Ke3 Kg2 68. Rf8 Kg1 69. Rf2 Kh1 70. Rb2 Kg1 71. Bb8 Kh1 72. Kf3 Kg1
73. Rc2 Kh1 74. Kg3 Kg1 75. Rc1# { Black checkmated } 1-0